[gd_scene load_steps=11 format=3 uid="uid://j3t8j3dxjk0o"]

[ext_resource type="Script" path="res://src/menu/death_menu.gd" id="1_q4usc"]
[ext_resource type="Texture2D" uid="uid://dkie3ebrykbp1" path="res://assets/texture/fish_home_blurred.png" id="2_cqna1"]
[ext_resource type="FontFile" uid="uid://drv1ouuj6hgdx" path="res://assets/fonts/PPNeueMachina-InktrapRegular.otf" id="3_u1f8e"]
[ext_resource type="FontFile" uid="uid://d1kl87s05kimm" path="res://assets/fonts/PPNeueMachina-InktrapUltrabold.otf" id="4_ub8su"]
[ext_resource type="StyleBox" uid="uid://qpdxfp4nao88" path="res://src/themes/start_menu.tres" id="5_5vsyv"]
[ext_resource type="StyleBox" uid="uid://cy66inymux2fn" path="res://src/themes/start_menu_hover.tres" id="6_dpqp1"]
[ext_resource type="AudioStream" uid="uid://bvhqw67pyg6gy" path="res://assets/sound/music/jingle_lose.ogg" id="7_l7x30"]

[sub_resource type="StyleBoxEmpty" id="StyleBoxEmpty_2wu7j"]

[sub_resource type="StyleBoxEmpty" id="StyleBoxEmpty_pmce7"]

[sub_resource type="StyleBoxEmpty" id="StyleBoxEmpty_6xg8u"]

[node name="death_menu" type="Control"]
layout_mode = 3
anchors_preset = 15
anchor_right = 1.0
anchor_bottom = 1.0
grow_horizontal = 2
grow_vertical = 2
script = ExtResource("1_q4usc")

[node name="ColorRect" type="ColorRect" parent="."]
layout_mode = 1
anchors_preset = 15
anchor_right = 1.0
anchor_bottom = 1.0
grow_horizontal = 2
grow_vertical = 2
color = Color(0.129412, 0.258824, 0.482353, 0.803922)

[node name="FishHomeBlurred" type="Sprite2D" parent="ColorRect"]
position = Vector2(652, 365)
texture = ExtResource("2_cqna1")

[node name="VBoxContainer2" type="VBoxContainer" parent="ColorRect"]
layout_mode = 2
offset_left = 465.0
offset_top = 441.0
offset_right = 886.0
offset_bottom = 698.0

[node name="Label" type="Label" parent="ColorRect/VBoxContainer2"]
layout_mode = 2
theme_override_fonts/font = ExtResource("3_u1f8e")
text = "Fishes you killed by your own incompetence :"
horizontal_alignment = 1

[node name="FishesKilled" type="RichTextLabel" parent="ColorRect/VBoxContainer2"]
layout_mode = 2
size_flags_vertical = 3
theme_override_fonts/normal_font = ExtResource("3_u1f8e")
theme_override_font_sizes/normal_font_size = 15

[node name="CenterContainer" type="CenterContainer" parent="ColorRect"]
layout_mode = 2
offset_left = 465.0
offset_top = 228.0
offset_right = 883.0
offset_bottom = 406.0
grow_horizontal = 2
grow_vertical = 2

[node name="VBoxContainer" type="VBoxContainer" parent="ColorRect/CenterContainer"]
layout_mode = 2

[node name="Label" type="Label" parent="ColorRect/CenterContainer/VBoxContainer"]
layout_mode = 2
size_flags_horizontal = 4
size_flags_vertical = 2
theme_override_colors/font_color = Color(0.00392157, 0.490196, 0.611765, 1)
theme_override_fonts/font = ExtResource("4_ub8su")
theme_override_font_sizes/font_size = 73
text = "GAME OVER"
horizontal_alignment = 1
vertical_alignment = 1

[node name="spacer" type="Control" parent="ColorRect/CenterContainer/VBoxContainer"]
layout_mode = 2

[node name="NewGameButton" type="Button" parent="ColorRect/CenterContainer/VBoxContainer"]
layout_mode = 2
theme_override_colors/font_color = Color(0.00392157, 0.490196, 0.611765, 1)
theme_override_fonts/font = ExtResource("4_ub8su")
theme_override_styles/normal = ExtResource("5_5vsyv")
theme_override_styles/hover = ExtResource("6_dpqp1")
theme_override_styles/pressed = ExtResource("5_5vsyv")
theme_override_styles/focus = SubResource("StyleBoxEmpty_2wu7j")
text = "New Game"

[node name="MenuButton" type="Button" parent="ColorRect/CenterContainer/VBoxContainer"]
layout_mode = 2
theme_override_colors/font_color = Color(0.00392157, 0.490196, 0.611765, 1)
theme_override_fonts/font = ExtResource("4_ub8su")
theme_override_styles/normal = ExtResource("5_5vsyv")
theme_override_styles/hover = ExtResource("6_dpqp1")
theme_override_styles/pressed = ExtResource("5_5vsyv")
theme_override_styles/focus = SubResource("StyleBoxEmpty_pmce7")
text = "Back to menu"

[node name="QuitButton" type="Button" parent="ColorRect/CenterContainer/VBoxContainer"]
layout_mode = 2
theme_override_colors/font_color = Color(0.00392157, 0.490196, 0.611765, 1)
theme_override_fonts/font = ExtResource("4_ub8su")
theme_override_styles/normal = ExtResource("5_5vsyv")
theme_override_styles/hover = ExtResource("6_dpqp1")
theme_override_styles/pressed = ExtResource("5_5vsyv")
theme_override_styles/focus = SubResource("StyleBoxEmpty_6xg8u")
text = "Quit
"

[node name="AudioStreamPlayer" type="AudioStreamPlayer" parent="."]
stream = ExtResource("7_l7x30")
autoplay = true

[connection signal="pressed" from="ColorRect/CenterContainer/VBoxContainer/NewGameButton" to="." method="_on_new_game_button_pressed"]
[connection signal="pressed" from="ColorRect/CenterContainer/VBoxContainer/MenuButton" to="." method="_on_menu_button_pressed"]
[connection signal="pressed" from="ColorRect/CenterContainer/VBoxContainer/QuitButton" to="." method="_on_quit_button_pressed"]
